[ PARTIDA AOE2 · #469902383 ]
UnrankedBirmanos vs Khmer
[ ANÁLISIS DE REPETICIÓN · EXTRAÍDO DE LA PARTIDA GRABADA ]
Feudal
11:21
Castillos
15:16
Imperial
—
| APM promedio | 60.8 |
| APM pico | 121 |
| eAPM promedio | 26.7 |
| Aldeanos / militares | 86 / 20 |
Foco
⚔️ 53.7% · 🌾 46.3%
Arambai ×17 · Petard ×2 · Mangonel ×1
Feudal
11:14
Castillos
15:33
Imperial
—
| APM promedio | 39.0 |
| APM pico | 96 |
| eAPM promedio | 22.9 |
| Aldeanos / militares | 100 / 59 |
Foco
⚔️ 22.2% · 🌾 77.8%
Eagle Scout ×51 · Battering Ram ×8 · Trade Cart ×1
Feudal
11:40
Castillos
14:45
Imperial
27:56
| APM promedio | 50.1 |
| APM pico | 80 |
| eAPM promedio | 25.9 |
| Aldeanos / militares | 142 / 85 |
Foco
⚔️ 29.4% · 🌾 70.6%
Spearman ×72 · Ballista Elephant ×11 · Monk ×2
Feudal
8:54
Castillos
19:28
Imperial
26:19
| APM promedio | 40.1 |
| APM pico | 68 |
| eAPM promedio | 21.0 |
| Aldeanos / militares | 96 / 40 |
Foco
⚔️ 28.2% · 🌾 71.8%
Kipchak ×37 · Trebuchet (Packed) ×3
Feudal
11:21
Castillos
14:51
Imperial
30:35
| APM promedio | 38.8 |
| APM pico | 128 |
| eAPM promedio | 24.3 |
| Aldeanos / militares | 162 / 68 |
Foco
⚔️ 25.1% · 🌾 74.9%
Knight ×33 · Leitis ×24 · Monk ×5 · Scout Cavalry ×5 · Spearman ×1
Feudal
11:00
Castillos
14:31
Imperial
25:38
| APM promedio | 36.3 |
| APM pico | 85 |
| eAPM promedio | 22.5 |
| Aldeanos / militares | 137 / 130 |
Foco
⚔️ 30.4% · 🌾 69.6%
Archer ×105 · Shotel Warrior ×20 · Battering Ram ×5
Mapa de la partida
Recursos iniciales + cada clic de construcción. Líneas = muros · curvas = relieve. ◆ oro · ⬟ piedra · ● bayas · ✦ reliquia · ◌ hueco del cierre
Tu base· ✓ Cerrada en 15:16 · 0t muro · 3 puerta(s)
Base de Majin Buu· ✓ Cerrada en 15:33 · 0t muro · 3 puerta(s)
Base de JayZaddy· ✓ Cerrada en 14:45 · 0t muro · 2 puerta(s)
Base de Ansbald· ✓ Cerrada en 19:28 · 22t muro · 3 puerta(s)
Base de RAIE-MYSTERIEUSE· ✓ Cerrada en 14:51 · 0t muro · 2 puerta(s)
Base de Carboncito· ✓ Cerrada en 14:31 · 0t muro · 3 puerta(s)
Terreno inicial suavizado · ◌ = hueco del cierre detectado · pasá el cursor para detalles
Inputs por minuto
— Vash - - Majin Buu
Build order — Vash
Primeras 150 de 205 acciones detectadas
| 0:00 | Crear | Villager (Male) |
| 0:02 | Construir | House |
| 0:03 | Construir | House |
| 0:05 | Crear | Villager (Male) |
| 0:09 | Crear | Villager (Male) |
| 0:16 | Crear | Villager (Male) |
| 1:22 | Crear | Villager (Male) |
| 1:54 | Construir | Lumber Camp |
| 2:01 | Crear | Villager (Male) |
| 2:21 | Crear | Villager (Male) |
| 2:48 | Crear | Villager (Male) |
| 3:03 | Crear | Villager (Male) |
| 3:28 | Crear | Villager (Male) |
| 3:58 | Construir | House |
| 3:59 | Construir | House |
| 4:00 | Construir | House |
| 4:01 | Crear | Villager (Male) |
| 4:17 | Crear | Villager (Male) |
| 4:41 | Construir | Mill |
| 4:46 | Crear | Villager (Male) |
| 5:04 | Crear | Villager (Male) |
| 5:30 | Crear | Villager (Male) |
| 5:58 | Crear | Villager (Male) |
| 6:32 | Crear | Villager (Male) |
| 6:52 | Crear | Villager (Male) |
| 7:24 | Crear | Villager (Male) |
| 7:36 | Construir | Mining Camp |
| 7:42 | Crear | Villager (Male) |
| 7:51 | Crear | Villager (Male) |
| 7:52 | Crear | Villager (Male) |
| 8:26 | Construir | Mining Camp |
| 9:05 | Investigar | Feudal Age |
| 10:01 | Crear | Villager (Male) |
| 10:01 | Crear | Villager (Male) |
| 10:03 | Construir | Farm |
| 10:04 | Construir | Farm |
| 10:44 | Construir | Farm |
| 11:21 | Edad | Edad Feudal |
| 11:23 | Construir | Market |
| 11:26 | Construir | Blacksmith |
| 11:59 | Investigar | Loom |
| 12:14 | Construir | House |
| 12:21 | Investigar | Castle Age |
| 12:42 | Construir | House |
| 13:07 | Investigar | Horse Collar |
| 14:08 | Crear | Villager (Male) |
| 15:16 | Edad | Edad de los Castillos |
| 15:17 | Construir | Castle |
| 15:27 | Crear | Villager (Male) |
| 15:50 | Crear | Villager (Male) |
| 16:00 | Construir | Farm |
| 16:02 | Construir | Farm |
| 16:18 | Construir | Palisade Gate |
| 16:22 | Construir | House |
| 16:30 | Construir | House |
| 16:32 | Construir | House |
| 16:34 | Construir | Palisade Wall |
| 16:47 | Crear | Villager (Male) |
| 16:48 | Crear | Villager (Male) |
| 16:48 | Crear | Villager (Male) |
| 17:11 | Construir | Siege Workshop |
| 17:14 | Crear | Villager (Male) |
| 17:17 | Crear | Arambai |
| 17:17 | Crear | Arambai |
| 17:17 | Crear | Arambai |
| 17:17 | Crear | Arambai |
| 17:22 | Investigar | Gold Mining |
| 17:37 | Construir | Mining Camp |
| 17:46 | Crear | Villager (Male) |
| 17:52 | Crear | Mangonel |
| 18:01 | Construir | House |
| 18:11 | Crear | Arambai |
| 18:29 | Construir | Mining Camp |
| 18:35 | Crear | Arambai |
| 18:35 | Crear | Villager (Male) |
| 18:41 | Construir | House |
| 18:55 | Crear | Villager (Male) |
| 18:56 | Crear | Arambai |
| 19:02 | Investigar | Stone Mining |
| 19:08 | Crear | Arambai |
| 19:12 | Construir | House |
| 19:24 | Crear | Villager (Male) |
| 19:34 | Crear | Arambai |
| 19:45 | Construir | House |
| 19:45 | Crear | Villager (Male) |
| 20:13 | Crear | Villager (Male) |
| 20:14 | Crear | Arambai |
| 20:14 | Crear | Arambai |
| 20:41 | Crear | Villager (Male) |
| 20:56 | Construir | House |
| 21:10 | Crear | Petard |
| 21:16 | Crear | Petard |
| 21:25 | Construir | Barracks |
| 21:27 | Crear | Villager (Male) |
| 21:49 | Crear | Villager (Male) |
| 21:52 | Construir | House |
| 21:53 | Construir | House |
| 21:57 | Construir | House |
| 22:05 | Crear | Arambai |
| 22:06 | Crear | Arambai |
| 22:06 | Crear | Villager (Male) |
| 22:23 | Construir | Farm |
| 22:25 | Construir | Farm |
| 22:27 | Crear | Villager (Male) |
| 22:33 | Construir | Stable |
| 22:37 | Crear | Arambai |
| 22:58 | Crear | Villager (Male) |
| 23:22 | Crear | Villager (Male) |
| 23:24 | Construir | Farm |
| 23:25 | Construir | Farm |
| 23:36 | Construir | Lumber Camp |
| 23:49 | Crear | Arambai |
| 23:50 | Crear | Villager (Male) |
| 24:09 | Crear | Villager (Male) |
| 24:42 | Crear | Arambai |
| 24:42 | Crear | Arambai |
| 24:44 | Crear | Villager (Male) |
| 25:06 | Crear | Villager (Male) |
| 25:11 | Construir | Farm |
| 25:12 | Construir | Farm |
| 25:13 | Construir | Farm |
| 25:14 | Construir | Farm |
| 25:27 | Investigar | Husbandry |
| 25:37 | Construir | Farm |
| 25:57 | Crear | Villager (Male) |
| 26:17 | Crear | Villager (Male) |
| 26:22 | Construir | Town Center |
| 26:45 | Crear | Villager (Male) |
| 26:46 | Crear | Villager (Male) |
| 26:46 | Crear | Villager (Male) |
| 26:56 | Construir | Mining Camp |
| 27:42 | Crear | Villager (Male) |
| 27:51 | Crear | Villager (Male) |
| 27:58 | Construir | Town Center |
| 28:31 | Crear | Villager (Male) |
| 28:36 | Construir | Farm |
| 28:37 | Investigar | Heavy Plow |
| 28:46 | Construir | Farm |
| 28:49 | Construir | Farm |
| 28:51 | Construir | Farm |
| 28:52 | Construir | Farm |
| 28:52 | Construir | Farm |
| 28:52 | Construir | Farm |
| 28:52 | Construir | Farm |
| 28:56 | Construir | Farm |
| 29:09 | Crear | Villager (Male) |
| 29:09 | Crear | Villager (Male) |
| 29:09 | Crear | Villager (Male) |
| 29:09 | Crear | Villager (Male) |
| 29:12 | Construir | Farm |
Build order — Majin Buu
Primeras 150 de 261 acciones detectadas
| 0:00 | Crear | Villager (Male) |
| 0:00 | Crear | Villager (Male) |
| 0:01 | Crear | Villager (Male) |
| 0:04 | Construir | House |
| 0:05 | Investigar | Loom |
| 0:08 | Crear | Villager (Male) |
| 0:09 | Crear | Villager (Male) |
| 0:10 | Construir | House |
| 0:12 | Crear | Villager (Male) |
| 1:28 | Crear | Villager (Male) |
| 1:59 | Construir | Lumber Camp |
| 2:09 | Crear | Villager (Male) |
| 2:37 | Crear | Villager (Male) |
| 2:59 | Crear | Villager (Male) |
| 3:22 | Crear | Villager (Male) |
| 3:59 | Construir | House |
| 3:59 | Construir | House |
| 4:01 | Crear | Villager (Male) |
| 4:27 | Crear | Villager (Male) |
| 4:32 | Construir | Mill |
| 4:39 | Construir | House |
| 4:44 | Crear | Villager (Male) |
| 5:06 | Crear | Villager (Male) |
| 5:30 | Crear | Villager (Male) |
| 5:53 | Crear | Villager (Male) |
| 6:16 | Crear | Villager (Male) |
| 6:45 | Crear | Villager (Male) |
| 7:04 | Crear | Villager (Male) |
| 7:09 | Construir | Lumber Camp |
| 7:42 | Crear | Villager (Male) |
| 8:02 | Crear | Villager (Male) |
| 8:30 | Crear | Villager (Male) |
| 8:47 | Construir | Mining Camp |
| 9:04 | Investigar | Feudal Age |
| 9:53 | Construir | Mill |
| 10:26 | Construir | Barracks |
| 10:39 | Crear | Villager (Male) |
| 10:39 | Crear | Villager (Male) |
| 10:50 | Construir | Farm |
| 10:54 | Construir | Farm |
| 11:14 | Edad | Edad Feudal |
| 11:18 | Construir | Blacksmith |
| 11:23 | Construir | Market |
| 11:31 | Construir | Farm |
| 12:12 | Crear | Villager (Male) |
| 12:19 | Construir | Farm |
| 12:21 | Construir | Farm |
| 12:48 | Construir | Farm |
| 12:53 | Investigar | Castle Age |
| 13:21 | Investigar | Double-Bit Axe |
| 13:41 | Construir | House |
| 13:43 | Construir | House |
| 13:57 | Investigar | Horse Collar |
| 14:50 | Investigar | Wheelbarrow |
| 14:55 | Crear | Eagle Scout |
| 14:56 | Crear | Eagle Scout |
| 15:33 | Edad | Edad de los Castillos |
| 15:37 | Construir | Town Center |
| 15:55 | Crear | Eagle Scout |
| 16:01 | Construir | Siege Workshop |
| 16:11 | Crear | Villager (Male) |
| 16:16 | Crear | Eagle Scout |
| 16:46 | Crear | Villager (Male) |
| 16:47 | Crear | Battering Ram |
| 17:04 | Crear | Villager (Male) |
| 17:05 | Crear | Villager (Male) |
| 17:09 | Construir | Farm |
| 17:12 | Construir | Farm |
| 17:16 | Crear | Eagle Scout |
| 17:16 | Crear | Villager (Male) |
| 17:17 | Crear | Villager (Male) |
| 17:31 | Crear | Villager (Male) |
| 17:38 | Investigar | Bow Saw |
| 17:50 | Crear | Villager (Male) |
| 17:50 | Crear | Villager (Male) |
| 17:54 | Crear | Eagle Scout |
| 18:13 | Crear | Villager (Male) |
| 18:13 | Crear | Villager (Male) |
| 18:20 | Crear | Battering Ram |
| 18:21 | Crear | Villager (Male) |
| 18:24 | Crear | Villager (Male) |
| 18:25 | Crear | Villager (Male) |
| 18:25 | Crear | Villager (Male) |
| 18:36 | Construir | Farm |
| 18:48 | Construir | House |
| 18:48 | Construir | House |
| 18:50 | Construir | House |
| 19:04 | Crear | Battering Ram |
| 19:11 | Investigar | Squires |
| 19:11 | Crear | Villager (Male) |
| 19:12 | Crear | Villager (Male) |
| 19:26 | Construir | Barracks |
| 19:28 | Construir | Farm |
| 19:32 | Construir | Farm |
| 19:35 | Crear | Villager (Male) |
| 19:48 | Crear | Villager (Male) |
| 19:54 | Crear | Battering Ram |
| 19:58 | Crear | Eagle Scout |
| 20:18 | Crear | Villager (Male) |
| 20:18 | Crear | Villager (Male) |
| 20:21 | Construir | Farm |
| 20:25 | Construir | Farm |
| 20:27 | Crear | Eagle Scout |
| 20:27 | Crear | Eagle Scout |
| 20:41 | Crear | Battering Ram |
| 20:43 | Crear | Villager (Male) |
| 20:51 | Crear | Villager (Male) |
| 21:04 | Construir | House |
| 21:05 | Construir | House |
| 21:06 | Construir | House |
| 21:08 | Construir | House |
| 21:12 | Crear | Villager (Male) |
| 21:17 | Construir | House |
| 21:17 | Construir | House |
| 21:28 | Construir | Farm |
| 21:29 | Construir | Farm |
| 21:38 | Investigar | Eagle Warrior (upgrade) |
| 21:40 | Crear | Villager (Male) |
| 21:45 | Crear | Battering Ram |
| 21:59 | Crear | Villager (Male) |
| 22:05 | Construir | House |
| 22:05 | Construir | House |
| 22:07 | Construir | Farm |
| 22:07 | Construir | Farm |
| 22:10 | Crear | Villager (Male) |
| 22:23 | Investigar | Scale Mail Armor |
| 22:28 | Crear | Eagle Scout |
| 22:30 | Crear | Battering Ram |
| 22:37 | Construir | Farm |
| 22:41 | Crear | Villager (Male) |
| 22:47 | Construir | Farm |
| 22:49 | Crear | Eagle Scout |
| 22:49 | Crear | Eagle Scout |
| 23:14 | Crear | Battering Ram |
| 23:20 | Construir | Farm |
| 23:22 | Construir | Farm |
| 23:26 | Construir | Mill |
| 23:26 | Construir | Farm |
| 23:26 | Construir | Farm |
| 23:27 | Construir | Farm |
| 23:27 | Construir | Farm |
| 23:31 | Crear | Eagle Scout |
| 23:32 | Investigar | Forging |
| 23:34 | Crear | Eagle Scout ×3 |
| 23:35 | Crear | Villager (Male) |
| 23:35 | Crear | Villager (Male) |
| 24:11 | Crear | Villager (Male) |
| 24:11 | Crear | Villager (Male) |
| 24:24 | Construir | Town Center |
| 24:25 | Construir | Farm |
Build order — JayZaddy
Primeras 150 de 371 acciones detectadas
| 0:01 | Crear | Villager (Male) |
| 0:02 | Construir | House |
| 0:02 | Crear | Villager (Male) |
| 0:02 | Crear | Villager (Male) |
| 0:03 | Construir | House |
| 0:41 | Crear | Villager (Male) |
| 0:42 | Crear | Villager (Male) |
| 1:28 | Crear | Villager (Male) |
| 1:45 | Construir | Lumber Camp |
| 2:00 | Crear | Villager (Male) |
| 2:25 | Crear | Villager (Male) |
| 2:49 | Crear | Villager (Male) |
| 3:21 | Crear | Villager (Male) |
| 3:22 | Crear | Villager (Male) |
| 3:29 | Construir | House |
| 3:47 | Crear | Villager (Male) |
| 3:47 | Crear | Villager (Male) |
| 3:59 | Construir | Mill |
| 4:35 | Crear | Villager (Male) |
| 4:54 | Crear | Villager (Male) |
| 4:54 | Crear | Villager (Male) |
| 5:23 | Crear | Villager (Male) |
| 5:23 | Crear | Villager (Male) |
| 5:23 | Crear | Villager (Male) |
| 6:05 | Crear | Villager (Male) |
| 6:05 | Crear | Villager (Male) |
| 6:45 | Construir | House |
| 6:47 | Investigar | Loom |
| 6:47 | Investigar | Loom |
| 7:12 | Construir | Mining Camp |
| 7:25 | Crear | Villager (Male) |
| 7:25 | Crear | Villager (Male) |
| 7:25 | Crear | Villager (Male) |
| 7:25 | Crear | Villager (Male) |
| 7:26 | Crear | Villager (Male) |
| 7:27 | Crear | Villager (Male) |
| 9:15 | Investigar | Feudal Age |
| 9:50 | Construir | House |
| 10:19 | Construir | Farm |
| 10:26 | Construir | Farm |
| 10:39 | Construir | Farm |
| 10:56 | Construir | Lumber Camp |
| 11:36 | Crear | Villager (Male) |
| 11:40 | Edad | Edad Feudal |
| 11:58 | Investigar | Castle Age |
| 11:58 | Investigar | Castle Age |
| 12:14 | Investigar | Double-Bit Axe |
| 12:56 | Investigar | Horse Collar |
| 13:31 | Construir | Farm |
| 13:37 | Construir | Farm |
| 14:24 | Crear | Villager (Male) |
| 14:28 | Construir | Farm |
| 14:39 | Crear | Villager (Male) |
| 14:45 | Edad | Edad de los Castillos |
| 14:49 | Construir | Town Center |
| 14:59 | Construir | Town Center |
| 15:23 | Investigar | Heavy Plow |
| 15:23 | Investigar | Heavy Plow |
| 15:23 | Crear | Villager (Male) |
| 15:28 | Construir | Farm |
| 15:30 | Construir | Farm |
| 15:37 | Construir | Farm |
| 15:40 | Construir | House |
| 15:49 | Construir | Farm |
| 15:55 | Construir | Farm |
| 15:56 | Construir | Farm |
| 16:02 | Crear | Villager (Male) |
| 16:25 | Crear | Villager (Male) |
| 16:25 | Crear | Villager (Male) |
| 16:26 | Crear | Villager (Male) |
| 16:26 | Crear | Villager (Male) |
| 16:28 | Construir | Farm |
| 16:33 | Construir | Farm |
| 16:42 | Crear | Villager (Male) |
| 16:49 | Construir | Farm |
| 16:51 | Construir | Farm |
| 16:52 | Construir | Farm |
| 16:54 | Construir | Farm |
| 16:56 | Crear | Villager (Male) |
| 16:58 | Crear | Villager (Male) ×2 |
| 17:02 | Construir | Farm |
| 17:18 | Crear | Villager (Male) |
| 17:20 | Construir | Farm |
| 17:23 | Construir | Farm |
| 17:35 | Crear | Villager (Male) |
| 17:36 | Construir | Farm |
| 17:37 | Construir | Farm |
| 17:38 | Crear | Villager (Male) |
| 17:40 | Construir | Farm |
| 17:42 | Construir | Farm |
| 17:44 | Crear | Villager (Male) ×2 |
| 17:59 | Crear | Villager (Male) ×2 |
| 18:06 | Crear | Villager (Male) |
| 18:07 | Construir | Farm |
| 18:10 | Construir | House |
| 18:11 | Construir | House |
| 18:12 | Construir | House |
| 18:16 | Construir | Farm |
| 18:18 | Construir | House |
| 18:19 | Construir | House |
| 18:21 | Construir | Farm |
| 18:23 | Crear | Villager (Male) ×3 |
| 18:23 | Crear | Villager (Male) ×3 |
| 18:34 | Construir | House |
| 18:35 | Construir | House |
| 18:38 | Construir | House |
| 18:46 | Crear | Villager (Male) ×5 |
| 18:48 | Construir | Farm |
| 19:11 | Crear | Villager (Male) |
| 19:21 | Construir | Farm |
| 19:22 | Construir | Farm |
| 19:24 | Crear | Villager (Male) ×5 |
| 19:31 | Investigar | Bow Saw |
| 19:31 | Investigar | Bow Saw |
| 19:48 | Construir | House |
| 19:49 | Construir | House |
| 19:58 | Crear | Villager (Male) |
| 20:12 | Crear | Villager (Male) |
| 20:16 | Investigar | Stone Mining |
| 20:18 | Investigar | Wheelbarrow |
| 20:42 | Construir | Town Center |
| 20:49 | Construir | Lumber Camp |
| 21:00 | Construir | House |
| 21:01 | Construir | House |
| 21:06 | Construir | House |
| 21:06 | Construir | House |
| 21:07 | Construir | House |
| 21:08 | Construir | House |
| 21:09 | Construir | House |
| 21:10 | Construir | House |
| 21:12 | Crear | Villager (Male) |
| 21:14 | Crear | Villager (Male) |
| 21:14 | Crear | Villager (Male) |
| 21:14 | Crear | Villager (Male) |
| 21:14 | Crear | Villager (Male) |
| 21:20 | Investigar | Gold Mining |
| 21:20 | Investigar | Gold Mining |
| 21:28 | Crear | Villager (Male) |
| 21:42 | Crear | Villager (Male) |
| 21:42 | Crear | Villager (Male) |
| 21:42 | Crear | Villager (Male) |
| 21:42 | Crear | Villager (Male) |
| 21:43 | Crear | Villager (Male) |
| 21:43 | Crear | Villager (Male) |
| 22:03 | Crear | Villager (Male) |
| 22:10 | Construir | Monastery |
| 22:12 | Crear | Villager (Male) |
| 22:20 | Crear | Villager (Male) |
| 22:26 | Construir | Mining Camp |
| 22:30 | Investigar | Gold Shaft Mining |
Build order — Ansbald
Primeras 150 de 224 acciones detectadas
| 0:01 | Crear | Villager (Male) |
| 0:01 | Crear | Villager (Male) |
| 0:02 | Construir | House |
| 0:05 | Construir | House |
| 0:10 | Crear | Villager (Male) |
| 0:11 | Crear | Villager (Male) |
| 1:26 | Crear | Villager (Male) |
| 1:26 | Crear | Villager (Male) |
| 1:48 | Construir | Lumber Camp |
| 2:00 | Crear | Villager (Male) |
| 2:14 | Crear | Villager (Male) |
| 2:47 | Crear | Villager (Male) |
| 2:47 | Crear | Villager (Male) |
| 3:06 | Crear | Villager (Male) |
| 3:34 | Construir | House |
| 3:39 | Crear | Villager (Male) |
| 3:39 | Crear | Villager (Male) |
| 4:01 | Crear | Villager (Male) |
| 4:01 | Crear | Villager (Male) |
| 4:28 | Construir | Mill |
| 4:48 | Crear | Villager (Male) |
| 4:49 | Crear | Villager (Male) |
| 5:32 | Crear | Villager (Male) |
| 6:08 | Crear | Villager (Male) |
| 6:44 | Investigar | Feudal Age |
| 7:36 | Construir | House |
| 8:01 | Construir | House |
| 8:13 | Crear | Villager (Male) |
| 8:54 | Edad | Edad Feudal |
| 9:03 | Construir | Town Center |
| 9:06 | Construir | Mill |
| 9:12 | Crear | Villager (Male) |
| 9:18 | Investigar | Double-Bit Axe |
| 9:18 | Investigar | Double-Bit Axe |
| 9:40 | Crear | Villager (Male) |
| 9:48 | Construir | Farm |
| 9:58 | Crear | Villager (Male) |
| 10:11 | Construir | Farm |
| 10:28 | Crear | Villager (Male) |
| 10:40 | Construir | Farm |
| 10:52 | Crear | Villager (Male) |
| 10:53 | Crear | Villager (Male) |
| 10:55 | Construir | Farm |
| 10:57 | Construir | Farm |
| 11:11 | Crear | Villager (Male) |
| 11:19 | Crear | Villager (Male) |
| 11:19 | Crear | Villager (Male) |
| 11:23 | Investigar | Horse Collar |
| 11:35 | Construir | Farm |
| 11:50 | Construir | Farm |
| 11:51 | Crear | Villager (Male) |
| 11:52 | Crear | Villager (Male) |
| 11:52 | Crear | Villager (Male) |
| 11:53 | Crear | Villager (Male) |
| 11:53 | Crear | Villager (Male) |
| 12:00 | Construir | Farm |
| 12:20 | Construir | Farm |
| 12:30 | Construir | Farm |
| 12:41 | Construir | Farm |
| 12:45 | Construir | Farm |
| 12:47 | Crear | Villager (Male) |
| 12:47 | Crear | Villager (Male) |
| 13:00 | Construir | House |
| 13:04 | Investigar | Wheelbarrow |
| 13:20 | Construir | Mining Camp |
| 13:26 | Crear | Villager (Male) |
| 13:32 | Construir | Farm |
| 13:35 | Construir | House |
| 13:36 | Construir | House |
| 13:36 | Crear | Villager (Male) |
| 13:37 | Crear | Villager (Male) |
| 14:04 | Crear | Villager (Male) |
| 14:13 | Construir | Farm |
| 14:18 | Construir | Farm |
| 14:23 | Construir | Blacksmith |
| 14:25 | Crear | Villager (Male) |
| 14:25 | Crear | Villager (Male) |
| 14:26 | Crear | Villager (Male) |
| 14:34 | Crear | Villager (Male) |
| 15:06 | Construir | House |
| 15:13 | Construir | Market |
| 15:20 | Crear | Villager (Male) |
| 15:20 | Crear | Villager (Male) |
| 15:24 | Construir | House |
| 15:55 | Construir | Farm |
| 15:56 | Construir | Farm |
| 15:59 | Construir | Farm |
| 16:01 | Construir | House |
| 16:09 | Construir | Farm |
| 16:12 | Crear | Villager (Male) |
| 16:12 | Crear | Villager (Male) |
| 16:22 | Construir | House |
| 16:26 | Construir | House |
| 16:34 | Construir | Palisade Wall |
| 16:48 | Investigar | Castle Age |
| 16:59 | Construir | Palisade Wall |
| 17:01 | Construir | Palisade Wall |
| 17:11 | Crear | Villager (Male) |
| 17:12 | Crear | Villager (Male) |
| 17:24 | Construir | Palisade Wall |
| 17:29 | Construir | Palisade Wall |
| 17:31 | Construir | Palisade Wall |
| 17:38 | Investigar | Loom |
| 17:39 | Investigar | Loom |
| 17:41 | Investigar | Loom |
| 17:42 | Crear | Villager (Male) |
| 17:43 | Crear | Villager (Male) |
| 18:01 | Crear | Villager (Male) |
| 18:06 | Investigar | Fletching |
| 18:29 | Investigar | Padded Archer Armor |
| 18:38 | Construir | Palisade Wall |
| 19:12 | Construir | Lumber Camp |
| 19:18 | Construir | Palisade Wall |
| 19:28 | Edad | Edad de los Castillos |
| 20:00 | Construir | Castle |
| 20:21 | Construir | Palisade Wall |
| 20:55 | Crear | Kipchak |
| 20:55 | Crear | Kipchak |
| 20:57 | Crear | Kipchak |
| 20:59 | Crear | Villager (Male) |
| 21:10 | Crear | Villager (Male) |
| 21:13 | Construir | Town Center |
| 21:46 | Crear | Villager (Male) |
| 21:47 | Crear | Villager (Male) |
| 21:53 | Crear | Kipchak |
| 21:53 | Crear | Kipchak |
| 22:25 | Crear | Villager (Male) |
| 22:26 | Crear | Villager (Male) |
| 22:26 | Crear | Villager (Male) |
| 22:30 | Crear | Kipchak |
| 23:09 | Investigar | Imperial Age |
| 23:09 | Investigar | Imperial Age |
| 23:10 | Crear | Villager (Male) |
| 23:13 | Crear | Kipchak |
| 23:14 | Crear | Kipchak |
| 23:24 | Construir | Farm |
| 23:24 | Construir | Farm |
| 23:38 | Crear | Kipchak |
| 23:48 | Crear | Villager (Male) |
| 23:48 | Crear | Villager (Male) |
| 23:50 | Crear | Kipchak |
| 24:26 | Crear | Kipchak |
| 24:26 | Crear | Kipchak |
| 24:26 | Crear | Kipchak |
| 24:28 | Crear | Villager (Male) |
| 24:28 | Crear | Villager (Male) |
| 24:49 | Investigar | Bodkin Arrow |
| 24:50 | Investigar | Bodkin Arrow |
| 24:58 | Crear | Villager (Male) |
| 24:58 | Crear | Villager (Male) |
Build order — RAIE-MYSTERIEUSE
Primeras 150 de 358 acciones detectadas
| 0:00 | Crear | Villager (Male) |
| 0:01 | Construir | House |
| 0:02 | Construir | House |
| 0:13 | Crear | Villager (Male) |
| 0:13 | Crear | Villager (Male) |
| 0:24 | Crear | Villager (Male) |
| 0:25 | Crear | Villager (Male) |
| 0:25 | Crear | Villager (Male) |
| 0:25 | Crear | Villager (Male) |
| 1:19 | Crear | Villager (Male) |
| 1:19 | Crear | Villager (Male) |
| 1:44 | Crear | Villager (Male) |
| 1:55 | Construir | Lumber Camp |
| 2:22 | Crear | Villager (Male) |
| 2:26 | Crear | Villager (Male) |
| 2:26 | Crear | Villager (Male) |
| 2:44 | Crear | Villager (Male) |
| 3:04 | Crear | Villager (Male) |
| 3:38 | Construir | House |
| 3:39 | Construir | House |
| 3:43 | Crear | Villager (Male) |
| 4:11 | Construir | House |
| 4:16 | Construir | House |
| 4:22 | Crear | Villager (Male) |
| 4:32 | Crear | Villager (Male) |
| 4:32 | Crear | Villager (Male) |
| 4:40 | Crear | Villager (Male) |
| 4:44 | Construir | Mill |
| 5:00 | Crear | Villager (Male) |
| 5:00 | Crear | Villager (Male) |
| 5:11 | Crear | Villager (Male) |
| 5:11 | Crear | Villager (Male) |
| 5:21 | Crear | Villager (Male) |
| 6:01 | Crear | Villager (Male) |
| 6:26 | Construir | Mill |
| 6:28 | Crear | Villager (Male) |
| 7:50 | Crear | Villager (Male) |
| 8:02 | Crear | Villager (Male) |
| 8:14 | Construir | Mining Camp |
| 8:56 | Investigar | Feudal Age |
| 9:21 | Construir | Farm |
| 9:23 | Construir | Farm |
| 10:33 | Construir | Barracks |
| 11:08 | Crear | Villager (Male) |
| 11:08 | Crear | Villager (Male) |
| 11:21 | Edad | Edad Feudal |
| 11:23 | Construir | Stable |
| 11:31 | Construir | Market |
| 12:03 | Construir | House |
| 12:04 | Construir | House |
| 12:11 | Investigar | Castle Age |
| 12:19 | Crear | Spearman |
| 12:43 | Construir | Farm |
| 12:44 | Construir | Farm |
| 12:47 | Construir | Farm |
| 13:00 | Investigar | Double-Bit Axe |
| 13:16 | Construir | Farm |
| 13:24 | Crear | Villager (Male) |
| 13:33 | Crear | Scout Cavalry |
| 13:36 | Construir | Farm |
| 14:14 | Crear | Scout Cavalry |
| 14:16 | Crear | Villager (Male) |
| 14:35 | Crear | Scout Cavalry |
| 14:39 | Crear | Villager (Male) |
| 14:40 | Crear | Villager (Male) |
| 14:51 | Edad | Edad de los Castillos |
| 14:56 | Crear | Villager (Male) |
| 15:01 | Construir | Monastery |
| 15:12 | Construir | Town Center |
| 15:30 | Crear | Monk |
| 15:30 | Crear | Monk |
| 15:46 | Crear | Scout Cavalry |
| 15:47 | Crear | Villager (Male) |
| 15:50 | Construir | Farm |
| 15:51 | Construir | Farm |
| 15:57 | Crear | Villager (Male) |
| 16:13 | Crear | Scout Cavalry |
| 16:24 | Crear | Monk |
| 16:28 | Crear | Villager (Male) |
| 16:36 | Construir | House |
| 16:37 | Construir | House |
| 16:43 | Crear | Villager (Male) |
| 16:43 | Crear | Villager (Male) |
| 17:07 | Crear | Monk |
| 17:12 | Crear | Villager (Male) |
| 17:12 | Crear | Villager (Male) |
| 17:39 | Crear | Villager (Male) |
| 17:40 | Crear | Villager (Male) |
| 17:50 | Crear | Villager (Male) |
| 18:08 | Crear | Villager (Male) |
| 18:12 | Construir | Farm |
| 18:12 | Construir | Farm |
| 18:13 | Construir | Farm |
| 18:13 | Construir | Farm |
| 18:13 | Construir | Farm |
| 18:13 | Construir | Farm |
| 18:13 | Construir | Farm |
| 18:17 | Construir | House |
| 18:18 | Construir | House |
| 18:25 | Crear | Villager (Male) |
| 18:52 | Crear | Villager (Male) |
| 18:52 | Crear | Villager (Male) |
| 18:53 | Crear | Villager (Male) |
| 19:04 | Crear | Villager (Male) |
| 19:23 | Crear | Villager (Male) |
| 19:23 | Crear | Villager (Male) |
| 19:23 | Crear | Villager (Male) |
| 19:25 | Construir | Farm |
| 19:32 | Construir | Town Center |
| 19:40 | Crear | Villager (Male) |
| 19:41 | Crear | Villager (Male) |
| 19:45 | Crear | Villager (Male) |
| 19:45 | Crear | Villager (Male) |
| 19:55 | Crear | Villager (Male) |
| 20:02 | Construir | Town Center |
| 20:05 | Crear | Villager (Male) |
| 20:05 | Crear | Villager (Male) |
| 20:15 | Crear | Villager (Male) |
| 20:15 | Crear | Villager (Male) |
| 20:15 | Crear | Villager (Male) |
| 20:32 | Investigar | Sanctity |
| 20:33 | Crear | Villager (Male) |
| 20:34 | Crear | Villager (Male) |
| 20:42 | Crear | Villager (Male) |
| 20:52 | Investigar | Wheelbarrow |
| 20:52 | Crear | Villager (Male) |
| 20:52 | Crear | Villager (Male) |
| 21:01 | Crear | Villager (Male) |
| 21:02 | Crear | Villager (Male) |
| 21:27 | Crear | Villager (Male) |
| 21:27 | Crear | Villager (Male) |
| 21:27 | Crear | Villager (Male) |
| 21:28 | Crear | Villager (Male) |
| 21:28 | Crear | Villager (Male) |
| 21:36 | Crear | Villager (Male) |
| 21:36 | Crear | Villager (Male) |
| 21:52 | Crear | Villager (Male) |
| 21:52 | Crear | Villager (Male) |
| 21:53 | Crear | Villager (Male) |
| 22:03 | Crear | Villager (Male) |
| 22:05 | Crear | Villager (Male) |
| 22:05 | Crear | Villager (Male) |
| 22:08 | Construir | Farm |
| 22:08 | Construir | Farm |
| 22:09 | Construir | Farm |
| 22:09 | Construir | Farm |
| 22:09 | Construir | Farm |
| 22:09 | Construir | Farm |
| 22:13 | Crear | Villager (Male) |
| 22:13 | Crear | Villager (Male) |
Build order — Carboncito
Primeras 150 de 338 acciones detectadas
| 0:01 | Crear | Villager (Male) |
| 0:02 | Construir | House |
| 0:03 | Construir | House |
| 0:17 | Crear | Villager (Male) ×3 |
| 1:24 | Crear | Villager (Male) |
| 1:24 | Crear | Villager (Male) |
| 1:57 | Crear | Villager (Male) |
| 1:58 | Crear | Villager (Male) |
| 2:13 | Construir | Lumber Camp |
| 2:15 | Crear | Villager (Male) |
| 2:15 | Crear | Villager (Male) |
| 2:49 | Crear | Villager (Male) |
| 2:50 | Crear | Villager (Male) |
| 2:51 | Crear | Villager (Male) |
| 2:51 | Crear | Villager (Male) |
| 3:24 | Construir | House |
| 3:25 | Crear | Villager (Male) |
| 3:25 | Crear | Villager (Male) |
| 3:41 | Crear | Villager (Male) |
| 3:41 | Crear | Villager (Male) |
| 4:15 | Crear | Villager (Male) |
| 4:15 | Crear | Villager (Male) |
| 4:15 | Crear | Villager (Male) |
| 4:32 | Construir | Mill |
| 4:45 | Crear | Villager (Male) |
| 4:45 | Crear | Villager (Male) |
| 5:00 | Crear | Villager (Male) |
| 5:00 | Crear | Villager (Male) |
| 5:04 | Construir | House |
| 5:48 | Crear | Villager (Male) |
| 5:48 | Crear | Villager (Male) |
| 5:48 | Crear | Villager (Male) |
| 6:02 | Crear | Villager (Male) |
| 6:03 | Crear | Villager (Male) |
| 6:25 | Crear | Villager (Male) |
| 6:53 | Crear | Villager (Male) |
| 7:19 | Construir | Farm |
| 7:21 | Construir | Farm |
| 7:23 | Construir | Farm |
| 8:23 | Construir | Mining Camp |
| 8:50 | Investigar | Feudal Age |
| 8:51 | Investigar | Feudal Age |
| 8:55 | Crear | Villager (Male) |
| 8:55 | Crear | Villager (Male) |
| 9:03 | Construir | House |
| 9:14 | Construir | Farm |
| 11:00 | Edad | Edad Feudal |
| 11:02 | Construir | Market |
| 11:04 | Construir | Blacksmith |
| 11:51 | Investigar | Castle Age |
| 11:52 | Investigar | Castle Age |
| 11:55 | Investigar | Double-Bit Axe |
| 11:55 | Investigar | Double-Bit Axe |
| 12:13 | Investigar | Horse Collar |
| 12:14 | Investigar | Horse Collar |
| 12:39 | Construir | Farm |
| 12:49 | Construir | House |
| 13:58 | Crear | Villager (Male) |
| 14:31 | Edad | Edad de los Castillos |
| 14:32 | Construir | Town Center |
| 14:33 | Crear | Villager (Male) |
| 14:35 | Investigar | Bow Saw |
| 14:35 | Investigar | Bow Saw |
| 14:36 | Crear | Villager (Male) |
| 14:40 | Construir | Farm |
| 14:53 | Construir | House |
| 14:54 | Construir | House |
| 15:01 | Crear | Villager (Male) |
| 15:31 | Crear | Villager (Male) |
| 15:31 | Crear | Villager (Male) |
| 15:34 | Crear | Villager (Male) |
| 15:37 | Construir | Farm |
| 15:39 | Construir | Farm |
| 15:41 | Crear | Villager (Male) |
| 15:43 | Crear | Villager (Male) |
| 15:58 | Construir | Lumber Camp |
| 16:01 | Construir | Farm |
| 16:04 | Crear | Villager (Male) |
| 16:04 | Crear | Villager (Male) |
| 16:16 | Construir | Farm |
| 16:21 | Crear | Villager (Male) |
| 16:22 | Crear | Villager (Male) |
| 16:25 | Construir | Farm |
| 16:27 | Construir | Farm |
| 16:39 | Construir | Mining Camp |
| 16:41 | Crear | Villager (Male) |
| 16:42 | Crear | Villager (Male) |
| 16:48 | Construir | Farm |
| 17:01 | Construir | Farm |
| 17:06 | Construir | House |
| 17:08 | Construir | House |
| 17:14 | Crear | Villager (Male) |
| 17:15 | Crear | Villager (Male) |
| 17:26 | Crear | Villager (Male) |
| 17:27 | Crear | Villager (Male) |
| 17:31 | Construir | House |
| 17:32 | Construir | House |
| 17:38 | Construir | Castle |
| 17:52 | Construir | Farm |
| 17:55 | Construir | Farm |
| 18:00 | Investigar | Gold Mining |
| 18:13 | Crear | Villager (Male) |
| 18:14 | Crear | Villager (Male) |
| 18:27 | Construir | House |
| 18:35 | Crear | Villager (Male) |
| 18:36 | Crear | Villager (Male) |
| 18:45 | Construir | Mining Camp |
| 18:55 | Construir | Farm |
| 18:57 | Crear | Villager (Male) |
| 19:09 | Construir | House |
| 19:09 | Construir | House |
| 19:13 | Investigar | Heavy Plow |
| 19:13 | Investigar | Heavy Plow |
| 19:26 | Construir | Farm |
| 19:33 | Construir | Barracks |
| 19:36 | Crear | Villager (Male) |
| 19:47 | Crear | Villager (Male) |
| 19:56 | Construir | Mill |
| 20:00 | Crear | Villager (Male) |
| 20:00 | Crear | Villager (Male) |
| 20:12 | Construir | Farm |
| 20:17 | Crear | Villager (Male) |
| 20:17 | Crear | Villager (Male) |
| 20:19 | Construir | Farm |
| 20:21 | Construir | Farm |
| 20:27 | Crear | Villager (Male) |
| 20:30 | Crear | Villager (Male) |
| 20:45 | Construir | Farm |
| 20:48 | Construir | House |
| 20:49 | Construir | House |
| 20:57 | Construir | Farm |
| 21:14 | Crear | Villager (Male) |
| 21:21 | Construir | University |
| 21:24 | Crear | Villager (Male) |
| 21:29 | Construir | House |
| 21:30 | Construir | House |
| 21:31 | Construir | House |
| 21:32 | Construir | House |
| 22:03 | Crear | Villager (Male) |
| 22:03 | Crear | Villager (Male) |
| 22:24 | Investigar | Imperial Age |
| 22:39 | Construir | Archery Range |
| 22:43 | Construir | Archery Range |
| 22:45 | Crear | Villager (Male) |
| 22:45 | Crear | Villager (Male) |
| 22:55 | Construir | Town Center |
| 22:59 | Crear | Villager (Male) |
| 23:05 | Crear | Villager (Male) |
| 23:08 | Crear | Villager (Male) |
| 23:11 | Construir | Lumber Camp |
Cronología de la partida
| 8:54 | Ansbald · age_up feudal |
| 10:26 | Majin Buu · first_building Barracks |
| 10:33 | RAIE-MYSTERIEUSE · first_building Barracks |
| 11:00 | Carboncito · age_up feudal |
| 11:14 | Majin Buu · age_up feudal |
| 11:21 | Vash · age_up feudal |
| 11:21 | RAIE-MYSTERIEUSE · age_up feudal |
| 11:23 | RAIE-MYSTERIEUSE · first_building Stable |
| 11:40 | JayZaddy · age_up feudal |
| 14:31 | Carboncito · age_up castle |
| 14:45 | JayZaddy · age_up castle |
| 14:51 | RAIE-MYSTERIEUSE · age_up castle |
| 15:01 | RAIE-MYSTERIEUSE · first_building Monastery |
| 15:08 | RAIE-MYSTERIEUSE · first_market_buy 100 wood |
| 15:16 | Vash · age_up castle |
| 15:17 | Vash · first_building Castle |
| 15:33 | Majin Buu · age_up castle |
| 16:01 | Majin Buu · first_building Siege Workshop |
| 16:34 | Vash · wall_segment Palisade Wall x1 |
| 16:34 | Ansbald · wall_segment Palisade Wall x3 |
| 16:59 | Ansbald · wall_segment Palisade Wall x2 |
| 17:01 | Ansbald · wall_segment Palisade Wall x2 |
| 17:11 | Vash · first_building Siege Workshop |
| 17:24 | Ansbald · wall_segment Palisade Wall x4 |
| 17:29 | Ansbald · wall_segment Palisade Wall x2 |
| 17:31 | Ansbald · wall_segment Palisade Wall x7 |
| 17:38 | Carboncito · first_building Castle |
| 18:38 | Ansbald · wall_segment Palisade Wall x1 |
| 18:52 | Ansbald · first_market_sell 100 food |
| 19:18 | Ansbald · wall_segment Palisade Wall x1 |
| 19:28 | Ansbald · age_up castle |
| 19:33 | Carboncito · first_building Barracks |
| 20:00 | Ansbald · first_building Castle |
| 20:21 | Ansbald · wall_segment Palisade Wall x1 |
| 21:14 | Vash · first_market_buy 100 food |
| 21:16 | Carboncito · first_market_buy 100 food |
| 21:25 | Vash · first_building Barracks |
| 22:10 | JayZaddy · first_building Monastery |
| 22:21 | Majin Buu · first_market_buy 100 food |
| 22:33 | Vash · first_building Stable |
| 22:39 | Carboncito · first_building Archery Range |
| 24:04 | JayZaddy · first_building Siege Workshop |
| 24:41 | JayZaddy · first_building Barracks |
| 25:24 | JayZaddy · first_building Castle |
| 25:38 | Carboncito · age_up imperial |
| 25:40 | Carboncito · wall_segment Stone Wall x1 |
| 25:51 | RAIE-MYSTERIEUSE · first_building Castle |
| 25:57 | Ansbald · first_market_buy 100 wood |
| 26:02 | Carboncito · wall_segment Stone Wall x3 |
| 26:19 | Carboncito · wall_segment Stone Wall x4 |
| 26:19 | Ansbald · age_up imperial |
| 27:56 | JayZaddy · age_up imperial |
| 28:27 | Carboncito · first_market_sell 500 wood |
| 29:18 | Carboncito · wall_segment Stone Wall x5 |
| 29:30 | Carboncito · first_building Siege Workshop |
| 30:05 | Ansbald · first_building Barracks |
| 30:35 | RAIE-MYSTERIEUSE · age_up imperial |
| 31:46 | Ansbald · first_building Archery Range |
| 31:49 | Ansbald · first_building Stable |
| 32:15 | Majin Buu · first_market_sell 100 food |
| 32:40 | JayZaddy · first_market_sell 100 wood |
| 33:37 | Vash · resign |
| 33:39 | JayZaddy · first_building Stable |
[ ANÁLISIS IA · 1 CRÉDITO ]
¿Qué pasó realmente en esta partida?
Wolo.gg analiza cada decisión: build order, eco, micro, errores típicos por bracket. Análisis personalizado por WhatsApp o Discord en 30 segundos.
Guía civ
Birmanos
Perfil
Jugador #3924669